 Dungeon Crawl Stone Soup version 0.31-a0-1074-g0b22e4e0f1 (webtiles) character file.

Game seed: 8305679930651931434

28518 Armakuni the Carver (level 13, -7/113 HPs)
             Began as a Grey Draconian Monk on Nov 25, 2023.
             Was a High Priest of the Shining One.
             Mangled by an 18-headed hydra (12 damage)
             ... on level 2 of the Lair of Beasts on Nov 26, 2023.
             The game lasted 00:36:46 (15398 turns).

Armakuni the Carver (Grey Draconian Monk)          Turns: 15398, Time: 00:36:47

Health: -7/113     AC: 18    Str: 15    XL:     13   Next: 10%
Magic:  16/18      EV: 17    Int:  7    God:    the Shining One [*****.]
Gold:   1522       SH:  9    Dex: 17    Spells: 11/12 levels left

rFire   . . .        a - +1 falchion (spect)
rCold   + . .        c - orb {light}
rNeg    + + +        (body armour unavailable)
rPois   .            (helmet restricted)
rElec   .            B - +2 cloak
rCorr   +            m - +0 pair of gloves
SInv    .            F - +0 pair of boots
Will    +....        (no amulet)
Stlth   +            S - ring "Gecelat" {rN+++ rCorr Int-2 Dex-2 Slay+6}
HPRegen 0.38/turn    W - ring "Fiumowok" {rC+ Will+ Int-2 Dex+2 Slay+2}
MPRegen 0.16/turn

%: no passive effects
@: divinely shielded, glowing
A: AC +13, amphibious, unfitting armour, cold-blooded
a: Renounce Religion, Divine Shield, Cleansing Flame, Summon Divine Warrior


You were on level 2 of the Lair of Beasts.
You worshipped the Shining One.
The Shining One was extremely pleased with you.
You visited 4 branches of the dungeon, and saw 16 of its levels.
You also visited: Ice Cave.

You collected 1522 gold pieces.

Inventory:

Hand Weapons
 a - a +1 spectral falchion (weapon)
 E - a +2 demon trident of freezing
 G - a +0 scimitar
Armour
 c - an orb of light (worn)
 m - a +0 pair of gloves (worn)
 B - a +2 cloak (worn)
 F - a +0 pair of boots (worn)
Jewellery
 C - a ring of protection from cold
 P - a ring of poison resistance
 S - the ring "Gecelat" (left hand) {rN+++ rCorr Int-2 Dex-2 Slay+6}
   (You acquired it on level 2 of the Dungeon)

   [ring of resist corrosion]

   Int-2:     It affects your intelligence (-2).
   Dex-2:     It affects your dexterity (-2).
   Slay+6:    It affects your accuracy & damage with ranged weapons and melee
   (+6).
   rN+++:     It renders you almost immune to negative energy.
   rCorr:     It protects you from acid and corrosion.
 W - the ring "Fiumowok" (right hand) {rC+ Will+ Int-2 Dex+2 Slay+2}
   (You found it on level 3 of the Dungeon)

   [ring of willpower]

   Int-2:     It affects your intelligence (-2).
   Dex+2:     It affects your dexterity (+2).
   Slay+2:    It affects your accuracy & damage with ranged weapons and melee
   (+2).
   rC+:       It protects you from cold.
   Will+:     It increases your willpower.
Talismans
 j - a beast talisman
 u - a maw talisman
Wands
 g - a wand of digging (2)
 h - a wand of acid (4)
 r - a wand of roots (12)
 s - a wand of polymorph (6)
 z - a wand of mindburst (4)
Scrolls
 d - 3 scrolls of fog
 l - 2 scrolls of teleportation
 p - 3 scrolls of poison
 t - 2 scrolls of enchant armour
 v - a scroll of identify
 w - a scroll of amnesia
 x - a scroll of immolation
 y - a scroll of noise
 A - a scroll of revelation
Potions
 b - a potion of ambrosia
 e - 2 potions of brilliance
 i - a potion of enlightenment
 k - a potion of mutation
 n - 3 potions of heal wounds
 q - 4 potions of haste
 D - a potion of lignification
Miscellaneous
 f - a phial of floods


   Skills:
 - Level 10.0 Fighting
 - Level 14.0 Long Blades
 - Level 9.0 Dodging
 + Level 7.2 Invocations
 - Level 5.0 Evocations
 + Level 8.9 Shapeshifting


You had 11 spell levels left.
You knew the following spells:

 Your Spells              Type           Power      Damage    Failure   Level
a - Apportation           Tloc           0%         N/A       43%         1

Your spell library contained the following spells:

 Spells                   Type           Power      Damage    Failure   Level
 Foxfire                  Conj/Fire      0%         2x1d4     43%         1
 Sandblast                Erth           0%         2d4       43%         1
 Jinxbite                 Hex            0%         N/A       56%         2
 Passwall                 Tmut/Erth      0%         N/A       56%         2
 Sublimation of Blood     Necr           0%         N/A       56%         2
 Wereblood                Tmut           0%         N/A       56%         2
 Stone Arrow              Conj/Erth      0%         3d7       80%         3
 Brom's Barrelling Bould  Conj/Erth      0%         2d3       99%         4
 Summon Ice Beast         Ice/Summ       0%         N/A       99%         4
 Alistair's Intoxication  Tmut/Pois      0%         N/A       100%        5
 Summon Mana Viper        Hex/Summ       0%         N/A       100%        5
 Plasma Beam              Fire/Air       0%         2x1d10    100%        6
 Starburst                Conj/Fire      0%         6d3       100%        6
 Monstrous Menagerie      Summ           0%         N/A       100%        7
 Summon Hydra             Summ           0%         N/A       100%        7


Dungeon Overview and Level Annotations

Branches:
Dungeon (12/15)            Temple (1/1) D:6            Lair (2/5) D:8
    Orc (1/2) D:11          IceCv (visited)
  Swamp: Lair:2-3    Shoals: Lair:2-3     Snake: Lair:2-3    Spider: Lair:2-3

Altars:
Ashenzari
Cheibriados
Dithmenos
Elyvilon
Fedhas
Gozag
Hepliaklqana
Kikubaaqudgha
Makhleb
Nemelex Xobeh
Okawaru
Qazlal
Ru
Sif Muna
Trog
Uskayaw
Vehumet
Wu Jian
Xom
Yredelemnul
Zin
The Shining One

Annotations:
D:12 3 runed translucent doors, Sphara's ghost, journeyman DsSh
Lair:1 exclusion: oklob plant


Innate Abilities, Weirdness & Mutations

Your dull iron-grey scales are very hard. (AC +13)
You are amphibious.
You cannot fit into any form of body armour.
You are cold-blooded and may be slowed by cold attacks.


Message History

Your +1 spectral falchion hits the 17-headed hydra!
Your +1 spectral falchion chops one of the 17-headed hydra's heads off!
The 16-headed hydra grows two more!
The 18-headed hydra closely misses you. x2
The 18-headed hydra bites you. x2; The 18-headed hydra bites you!
The 18-headed hydra bites you.
The 18-headed hydra bites you but does no damage. x3
The 18-headed hydra bites you. The 18-headed hydra bites you!
The 18-headed hydra bites you but does no damage.
The 18-headed hydra misses you.
The 18-headed hydra bites you but does no damage.
The 18-headed hydra bites you. The 18-headed hydra bites you!
The 18-headed hydra bites you.
The 18-headed hydra completely misses you.
You are too injured to fight recklessly!
You are too injured to fight recklessly!
As you read the scroll of fear, it crumbles to dust.
You assume a fearsome visage.
The 18-headed hydra resists with some effort.
Your +1 spectral falchion disappears.
The 18-headed hydra bites you but does no damage.
The 18-headed hydra bites you! The 18-headed hydra closely misses you.
The 18-headed hydra misses you.
The 18-headed hydra completely misses you.
The 18-headed hydra bites you but does no damage.
The 18-headed hydra bites you.
The 18-headed hydra bites you but does no damage. x2
The 18-headed hydra completely misses you.
The 18-headed hydra bites you!
* * * LOW HITPOINT WARNING * * *
The 18-headed hydra bites you.
* * * LOW HITPOINT WARNING * * *
The 18-headed hydra bites you but does no damage.
The 18-headed hydra closely misses you. The 18-headed hydra bites you.
* * * LOW HITPOINT WARNING * * *
The 18-headed hydra bites you.
* * * LOW HITPOINT WARNING * * *
The 18-headed hydra bites you.
* * * LOW HITPOINT WARNING * * *
The 18-headed hydra bites you!
You die...

............#.##
...............# ##
.............#)##.#
..................#####
......................##
.......................#
........................
.........#.............#
##P####.##......@.........#
# ## ##....#....D......#.#
#.####.............## #.#
#.P.......#....## ##
#P...............##
##P#.#............#
######.....$F...##
#..............#
#####..#<.ยง....#


You could see a 18-headed hydra (corroded).

Vanquished Creatures
  A reaper (IceCv)
  2 hydras (Lair:1)
  2 boulder beetles (Lair:1)
  4 skeletal warriors (D:11)
  Pikel (D:4)
  An orc knight (Orc:1)
  2 cyclopes (D:12)
  2 orc sorcerers (Orc:1)
  2 ice statues (IceCv)
  2 black mambas (Lair:1)
  7 cane toads
  An unseen horror (D:11)
  3 rime drakes
  A kobold demonologist (D:9)
  An anaconda simulacrum (IceCv)
  4 komodo dragons
  7 ice devils (IceCv)
  A troll (D:11)
  A polar bear (Lair:1)
  2 blink frogs
  Sigmund (D:4)
  3 wraiths
  A dire elephant simulacrum (IceCv)
  9 yaks (D:11)
  3 basilisks
  A vampire (D:11)
  A wyvern (D:9)
  3 steam dragons
  7 vampire mosquitoes (D:11)
  A warg (Orc:1)
  An acid dragon (D:11)
  Duvessa (D:3)
  6 water moccasins
  2 hydra simulacra (IceCv)
  2 sky beasts (D:7)
  13 orc warriors
  6 ogres
  A swamp drake (D:11)
  8 black bears
  An ice beast (D:3)
  3 wolves (Lair:1)
  A lemure (D:4)
  4 centaurs
  3 kobold brigands
  13 bullfrogs
  2 gnoll sergeants (D:9)
  3 two-headed ogre simulacra (IceCv)
  3 cane toad simulacra (IceCv)
  Dowan (D:3)
  9 wights
  An electric eel (D:11)
  2 howler monkeys
  3 hounds
  3 jellies
  A gnoll bouda (D:7)
  14 orc priests
  7 iguanas
  A sleepcap (D:6)
  Terence (D:2)
  17 orc wizards
  A polar bear simulacrum (IceCv)
  A spriggan simulacrum (IceCv)
  Robin (D:4)
  16 gnolls
  4 adders
  A naga simulacrum (IceCv)
  A shadow imp (D:8)
  3 white imps (IceCv)
  5 ufetubi
  6 dart slugs
  79 orcs
  14 endoplasms
  2 giant cockroaches (D:4)
  18 goblins
  10 hobgoblins
  3 jackals (D:2)
  4 quokkas
  3 ball pythons
  8 bats
  5 frilled lizards
  25 kobolds
  3 rats
423 creatures vanquished.

Vanquished Creatures (others)
  4 spectral weapons
4 creatures vanquished.

Grand Total: 427 creatures vanquished

Notes
Turn   | Place    | Note
-------+----------+-------------------------------------------
     0 | D:1      | Armakuni the Draconian Monk began the quest for the Orb.
     0 | D:1      | Reached XP level 1. HP: 19/19 MP: 1/1
   180 | D:1      | Reached XP level 2. HP: 23/26 MP: 2/2
   428 | D:1      | Learned a level 1 spell: Apportation
   493 | D:1      | Reached XP level 3. HP: 27/33 MP: 3/3
   569 | D:1      | Found a faded altar of an unknown god.
  1186 | D:2      | Reached skill level 4 in Long Blades
  1310 | D:2      | Reached XP level 4. HP: 33/41 MP: 4/4
  1424 | D:2      | Noticed Terence
  1432 | D:2      | Identified a scroll of acquirement
  1432 | D:2      | Acquired the ring "Gecelat" {rN+++ rCorr Int-2 Dex-2
                  | Slay+6}
  1443 | D:2      | Killed Terence
  1804 | D:3      | Identified the ring "Fiumowok" {rC+ Will+ Int-2 Dex+2
                  | Slay+2}
  1822 | D:3      | Reached skill level 1 in Shapeshifting
  1825 | D:3      | Reached XP level 5. HP: 46/47 MP: 5/5
  2024 | D:3      | Noticed an ice beast
  2026 | D:3      | Found a basalt altar of Yredelemnul.
  2031 | D:3      | Killed an ice beast
  2032 | D:3      | Reached skill level 5 in Long Blades
  2349 | D:4      | Noticed Duvessa
  2349 | D:4      | Noticed Dowan
  2364 | D:3      | Killed Duvessa
  2365 | D:3      | Reached XP level 6. HP: 21/55 MP: 6/6
  2365 | D:3      | Killed Dowan
  2618 | D:4      | Noticed Sigmund
  2781 | D:4      | Reached skill level 6 in Long Blades
  2824 | D:4      | Killed Sigmund
  2825 | D:4      | Your scales start taking on a dull iron-grey colour.
  2825 | D:4      | Reached XP level 7. HP: 60/60 MP: 7/7
  2984 | D:4      | Noticed Pikel
  3000 | D:4      | Killed Pikel
  3001 | D:4      | Reached skill level 8 in Long Blades
  3001 | D:4      | Reached XP level 8. HP: 47/67 MP: 8/8
  3097 | D:4      | Reached skill level 9 in Long Blades
  3287 | D:4      | Found a shimmering blue altar of Sif Muna.
  3373 | D:4      | Reached skill level 10 in Long Blades
  3654 | D:4      | Noticed Robin
  3735 | D:4      | Killed Robin
  3840 | D:5      | Entered Level 5 of the Dungeon
  4049 | D:5      | Reached skill level 11 in Long Blades
  4102 | D:5      | Reached XP level 9. HP: 72/73 MP: 9/9
  4385 | D:5      | Found a sacrificial altar of Ru.
  4699 | D:6      | Reached skill level 12 in Long Blades
  4815 | D:6      | Found a stormy altar of Qazlal.
  5014 | D:6      | Found a staircase to the Ecumenical Temple.
  5023 | Temple   | Entered the Ecumenical Temple
  5024 | Temple   | Upgraded the game from 0.31-a0-1068-g5939ac1fb6 to
                  | 0.31-a0-1074-g0b22e4e0f1
  5031 | Temple   | Became a worshipper of the Shining One
  5031 | Temple   | Reached * piety under the Shining One
  5031 | Temple   | Reached ** piety under the Shining One
  5225 | D:6      | Reached skill level 1 in Invocations
  5881 | D:7      | Identified the +3 scale mail of Repulsion {Dex+4}
  6164 | D:7      | Reached skill level 13 in Long Blades
  6731 | D:8      | Reached skill level 1 in Evocations
  6747 | D:8      | Reached XP level 10. HP: 59/80 MP: 12/12
  6755 | D:8      | Found a staircase to the Lair.
  6768 | Lair:1   | Entered Level 1 of the Lair of Beasts
  6768 | Lair:1   | Noticed a cane toad
  6770 | Lair:1   | Killed a cane toad
  6856 | Lair:1   | Noticed a cane toad
  6863 | Lair:1   | Killed a cane toad
  6868 | Lair:1   | Identified the ring of Xom's Capriciousness {Wiz SInv}
  6938 | Lair:1   | Noticed a boulder beetle
  6959 | Lair:1   | Killed a boulder beetle
  6960 | Lair:1   | Reached skill level 14 in Long Blades
  6960 | Lair:1   | Reached skill level 5 in Evocations
  6960 | Lair:1   | Reached skill level 5 in Fighting
  7244 | Lair:1   | Noticed a five-headed hydra
  7250 | Lair:1   | Killed a six-headed hydra
  7254 | Lair:1   | Noticed an oklob plant
  7254 | Lair:1   | Found the +1 robe of Vines {NoPotionHeal Regen++++}
  7284 | Lair:1   | Noticed an eight-headed hydra
  7292 | Lair:1   | Killed a nine-headed hydra
  7481 | Lair:1   | Noticed a cane toad
  7486 | Lair:1   | Killed a cane toad
  7487 | Lair:1   | Reached XP level 11. HP: 95/95 MP: 13/13
  7579 | Lair:1   | HP: 4/99 [poisoned by a black mamba]
  7884 | Lair:1   | Reached skill level 10 in Fighting
  7885 | Lair:1   | Noticed a boulder beetle
  7902 | Lair:1   | Killed a boulder beetle
  8415 | D:8      | Reached skill level 5 in Dodging
  8432 | D:8      | Found an ornate altar of the Wu Jian Council.
  9897 | D:10     | Entered Level 10 of the Dungeon
 10107 | D:10     | Reached *** piety under the Shining One
 10268 | D:10     | Found an opulent altar of Gozag.
 10443 | D:10     | Found a bloodstained altar of Trog.
 10475 | D:10     | Found a glowing silver altar of Zin.
 10476 | D:10     | Found a broken altar of Ashenzari.
 11094 | D:11     | Noticed a skeletal warrior
 11094 | D:11     | Noticed a skeletal warrior
 11124 | D:11     | Killed a skeletal warrior
 11125 | D:11     | Reached skill level 5 in Shapeshifting
 11125 | D:11     | Reached XP level 12. HP: 106/106 MP: 10/14
 11541 | D:11     | Found a staircase to the Orcish Mines.
 12000 | D:12     | Found a runed translucent gate.
 12000 | D:12     | Found a runed translucent gate.
 12000 | D:12     | Found a runed translucent gate.
 12002 | D:12     | Found an opulent altar of Gozag.
 12002 | D:12     | Noticed a boulder beetle
 12002 | D:12     | Reached **** piety under the Shining One
 12004 | D:12     | Noticed a seven-headed hydra
 12004 | D:12     | Noticed Sphara's ghost (journeyman DsSh)
 12005 | D:12     | Noticed a frost giant
 12254 | D:12     | Identified the +0 plate armour "Fogg" {rF- rN+ Str+5}
 12367 | D:12     | Found a frozen archway.
 12401 | IceCv    | Entered an ice cave
 12906 | IceCv    | Reached ***** piety under the Shining One
 12976 | IceCv    | Noticed a reaper
 13207 | IceCv    | Killed a reaper
 13208 | IceCv    | Reached skill level 5 in Invocations
 13951 | Orc:1    | Entered Level 1 of the Orcish Mines
 14102 | D:11     | HP: 5/106 [poisoned by an orc]
 14738 | Orc:1    | Noticed an orc high priest
 14738 | Orc:1    | Noticed a two-headed ogre
 15167 | Lair:2   | Reached XP level 13. HP: 113/113 MP: 17/17
 15398 | Lair:2   | HP: 5/113 [18-headed hydra (6)]
 15398 | Lair:2   | Mangled by an 18-headed hydra

Illustrated notes

Levels and vault maps discovered:
D:1:      lemuel_arrival_hallway, layout_basic,
          ebering_ecumenical_altar_abandoned, minmay_split_cup_large
D:2:      layout_rooms, serial_corexii_hall, corexii_hall_statues_deadend,
          corexii_hall_statues_u, corexii_hall_statues_t,
          corexii_hall_statues_t, chequers_hall_statues_corner_a,
          corexii_hall_statues_t, minmay_misc_feat_secret_circle, uniq_terence
D:3:      layout_rooms, lemuel_tele_altar
D:4:      layout_cave_pods, marbit_many_paths, uniq_sigmund, uniq_robin,
          uniq_duvessa, uniq_pikel
D:5:      minmay_general_purpose_star, layout_cave_pools, serial_rivers,
          chequers_serial_rivers_room_b, chequers_serial_rivers_micro_c,
          chequers_serial_rivers_large_a, chequers_serial_rivers_micro_b,
          chequers_serial_rivers_room_b, kennysheep_small_circle
D:6:      layout_layer_cave, nicolae_qazlal_scattered_showers,
          minmay_temple_entry_arrows
D:7:      layout_cave_pods
D:8:      layout_layer_cave, mainiacjoe_overflow_brackets,
          due_lair_maze_entry_diamond
D:9:      layout_gridville
D:10:     layout_irregular_city, trog_book, grunt_gozag_breadcrumbs,
          jmf_multi_god_temple, hangedman_decor_lopped
D:11:     layout_irregular_city, erik_orc_1, serial_bayou_lagoon_a
D:12:     layout_long_grid, ebering_ghost_gozag, portal_ice_cave_rime
Temple:   eino_narrow_crystal_temple
Lair:1:   layout_roguey, hellmonk_guarded_unrand_vines, serial_bayou_shore_b,
          grunt_megastairs_3
Lair:2:   gammafunk_cloud_chamber, layout_cave_shapes,
          mainiacjoe_shoals_entry_four_pools
Orc:1:    layout_caves, basic_altar, special_room [special_room_orc],
          mines3_lemuel

Skill      XL: |  1  2  3  4  5  6  7  8  9 10 11 12 13 |
---------------+----------------------------------------+-----
Fighting       | 4 8 10 | 10.0
Long Blades    | 4 5 6 8 11 13 14 | 14.0
Shapeshifting  | 1 2 5 8 |  8.9
Invocations    | 3 6 7 |  7.2
Evocations     | 2 5 |  5.0
Dodging        | 7 9 |  9.0

Action                     |  1- 3 |  4- 6 |  7- 9 | 10-12 | 13-15 || total
---------------------------+-------+-------+-------+-------+-------++-------
  Melee: Falchion          |   104 |    53 |   190 |   484 |    35 ||   866
         Tailslap          |    21 |    11 |    31 |   115 |     9 ||   187
 Invoke: Divine Shield     |       |       |       |    12 |     1 ||    13
         Cleansing Flame   |       |       |       |     2 |       ||     2
  Evoke: Wand              |       |     2 |     1 |    17 |     1 ||    21
    Use: Scroll            |       |    14 |     4 |    12 |     1 ||    31
         Potion            |       |     6 |       |     2 |       ||     8
   Stab: Distracted        |       |       |     2 |       |       ||     2
 Armour: Skin              |    60 |    35 |   109 |   255 |    50 ||   509
  Dodge: Dodged            |    67 |    28 |   101 |   273 |    45 ||   514
   Form: Beast             |     1 |       |       |       |       ||     1
                           |       |       |       |       |     1 ||     1

Table legend: (Time is in decaauts)
 A = Elapsed time spent in this place.
 B = Non-inter-level travel time spent in this place.
 C = Inter-level travel time spent in this place.
 D = Time resting spent in this place.
 E = Time spent auto-exploring this place.
 F = Levels seen in this place.
 G = Mean time per level.
                   A        B        C        D        E       F      G
               +--------+--------+--------+--------+--------+-----+--------+
         Total |  15176 |  14396 |    780 |   2514 |   9062 |  17 |  892.7 |
       Dungeon |  11756 |  11093 |    663 |   1331 |   7856 |  12 |  979.7 |
        Temple |     16 |     16 |      0 |      0 |      0 |   1 |   16.0 |
          Lair |   1845 |   1728 |    117 |    527 |    813 |   2 |  922.5 |
  Orcish Mines |    455 |    455 |      0 |      0 |    309 |   1 |  455.0 |
      Ice Cave |   1102 |   1102 |      0 |    656 |     84 |   1 | 1102.0 |
               +--------+--------+--------+--------+--------+-----+--------+

Top non-repeatable levels by time:
    D:11: 1824 daAuts
  Lair:1: 1682 daAuts
     D:8: 1182 daAuts
     D:4: 1182 daAuts
   IceCv: 1102 daAuts
     D:6: 1032 daAuts
     D:7: 937 daAuts
     D:2: 934 daAuts
     D:3: 904 daAuts
    D:10: 855 daAuts
     D:1: 828 daAuts
     D:5: 808 daAuts
    D:12: 789 daAuts
     D:9: 477 daAuts
   Orc:1: 455 daAuts
